 Dungeon Crawl Stone Soup version 0.28-b1-1-g3c77fb2ed1 (webtiles) character file.

Game seed: 2582381996039290816

29 unlimited1921 the Chopper (level 3, 0/35 HPs)
             Began as a Gnoll Cinder Acolyte on Jan 30, 2022.
             Was a High Priest of Ignis.
             Succumbed to an adder's poison
             ... on level 2 of the Dungeon.
             The game lasted 00:05:43 (1228 turns).

unlimited1921 the Chopper (Gnoll Cinder Acolyte)    Turns: 1228, Time: 00:05:44

Health: 0/35       AC:  2    Str: 15    XL:     3   Next: 16%
Magic:  7/7        EV: 15    Int: 13    God:    Ignis [*****.]
Gold:   119        SH:  0    Dex:  7    Spells: 7/7 levels left

rFire   + . .      SeeInvis .   d - +2 war axe (vamp)
rCold   . . .      Faith    .   (no shield)
rNeg    . . .      Spirit   .   b - +0 robe
rPois   .          Reflect  .   (no helmet)
rElec   .          Harm     .   (no cloak)
rCorr   .          Rampage  .   (no gloves)
Will    .....                   (no boots)
Stlth   +.........              (no amulet)
HPRegen 0.11/turn               e - +4 ring of evasion
MPRegen 0.10/turn               (no ring)

@: lethally poisoned (0 -> -3)
A: fangs 1, strong nose, distributed training
a: Renounce Religion, Fiery Armour, Foxfire Swarm, Rising Flame


You were on level 2 of the Dungeon.
You worshipped Ignis.
Ignis was extremely pleased with you.
You visited 1 branch of the dungeon, and saw 2 of its levels.

You collected 119 gold pieces.

Inventory:

Hand Weapons
 a - a -1 hand axe of flaming
 d - a +2 vampiric war axe (weapon)
 j - a +1 dagger of speed
Missiles
 g - 3 poisoned darts (quivered)
 h - 30 bolts
Armour
 b - a +0 robe (worn)
Jewellery
 e - a +4 ring of evasion (left hand)
Scrolls
 c - 2 scrolls of identify {unknown}
 k - a scroll of noise {unknown}
Potions
 f - a potion of resistance {unknown}
 i - a potion of heal wounds {unknown}


   Skills:
 + Level 6.5 Fighting
 + Level 0.6 Short Blades
 + Level 0.6 Long Blades
 + Level 6.5 Axes
 + Level 0.6 Maces & Flails
 + Level 0.6 Polearms
 + Level 0.6 Staves
 + Level 0.6 Slings
 + Level 0.6 Bows
 + Level 0.6 Crossbows
 + Level 0.6 Throwing
 + Level 0.6 Armour
 + Level 0.6 Dodging
 + Level 0.6 Stealth
 + Level 0.6 Shields
 + Level 0.6 Unarmed Combat
 + Level 2.8 Spellcasting
 + Level 0.4 Conjurations
 + Level 0.4 Hexes
 + Level 0.4 Summonings
 + Level 0.4 Necromancy
 + Level 0.4 Translocations
 + Level 0.4 Transmutations
 + Level 5.4 Fire Magic
 + Level 0.4 Ice Magic
 + Level 0.4 Air Magic
 + Level 0.4 Earth Magic
 + Level 0.4 Poison Magic
 + Level 0.8 Invocations
 + Level 0.6 Evocations


You had 7 spell levels left.
You didn't know any spells.
Your spell library contained the following spells:

 Spells                   Type           Power      Damage    Failure   Level
 Scorch                   Fire           30%        2d7       3%          2
 Corpse Rot               Necr/Air       6%         N/A       28%         2
 Poisonous Vapours        Pois/Air       6%         N/A       28%         2


Dungeon Overview and Level Annotations

Branches:
Dungeon (2/15)

Altars:

Shops:
D:1 [(=


Innate Abilities, Weirdness & Mutations

You have very sharp teeth.
Your uncanny sense of smell can sniff out nearby items.
Your experience applies equally to all skills.


Message History

You are more poisoned.
The adder poisons you!
You barely miss the adder.
The adder is severely wounded.
You feel very sick. The adder barely misses you.
The adder completely misses you.
You are too injured to fight recklessly!
You are too injured to fight recklessly!
Throw: 6 darts (poison)
Press: ? - help, Q - select action Shift-Dir - straight line, f - adder
Aim: an adder (severely wounded, 35% to hit)
You throw a poisoned dart. The poisoned dart hits the adder.
The adder is severely wounded.
You feel sick. The adder bites you.
Throw: 5 darts (poison)
Press: ? - help, Q - select action Shift-Dir - straight line, f/p - adder
Aim: an adder (severely wounded, 35% to hit)
You throw a poisoned dart. The poisoned dart hits the adder.
The adder is severely wounded.
You feel sick. The adder closely misses you. The adder bites you.
Throw: 4 darts (poison)
Press: ? - help, Q - select action Shift-Dir - straight line, f/p - adder
Aim: an adder (severely wounded, 35% to hit)
You throw a poisoned dart.
The poisoned dart closely misses the adder.
You feel sick. The adder barely misses you.
You feel sick.
You feel sick.
You feel sick. The adder misses you.
You feel sick.
You are no longer poisoned.
The adder bites you.
* * * LOW HITPOINT WARNING * * *
You are lethally poisoned!
The adder poisons you!
* * * LOW HITPOINT WARNING * * *
You feel sick.
* * * LOW HITPOINT WARNING * * *
You feel sick.
You die...

∆ ..## #.# #.##
##.# #..###.#
#.#....#
#.####.##
#....†(......##
.....##.####..S##
.... .(# #..#.##
(.. ######.###@#
.# #.....##
##.### ∆ #.##.##
##..# #.###.##
##.#<# #.#
##.###.##.#
#.#####)#.###.#
......#...# #.#
### #.....###.#
#.......#.#


You could see an adder.

Vanquished Creatures
  3 ball pythons (D:1)
  5 endoplasms
  2 giant cockroaches (D:2)
  4 goblins (D:1)
  2 hobgoblins (D:1)
  2 jackals (D:1)
  3 kobolds (D:1)
  A quokka (D:1)
  2 rats
24 creatures vanquished.

Notes
Turn   | Place    | Note
-------+----------+-------------------------------------------
     0 | D:1      | unlimited1921 the Gnoll Cinder Acolyte began the quest for
                  | the Orb.
     0 | D:1      | Reached XP level 1. HP: 23/23 MP: 4/4
   152 | D:1      | Reached XP level 2. HP: 29/29 MP: 5/5
   322 | D:1      | Found Zeasau's Jewellery Shoppe.
   468 | D:1      | Found Anay's Armour Shoppe.
   795 | D:1      | Found Hihenohoirr's Weapon Shop.
   884 | D:1      | Reached XP level 3. HP: 35/35 MP: 7/7
  1227 | D:2      | HP: 1/35 [poisoned by an adder]
  1228 | D:2      | Succumbed to an adder's poison

Illustrated notes

Levels and vault maps discovered:
D:1:      dpeg_arrival_concentric_ovals, layout_loops_corners, serial_shops,
          shop, nicolae_diamond_shop, shop_coins, st_stairs_7
D:2:      layout_loops_ring, hellmonk_ecumenical_altar_run_dry, minivault_11,
          kennysheep_doodads, minmay_misc_feat_diagonals, uniq_robin

Action                   || total
-------------------------++-------
Melee: War axe           ||    48
Throw: Dart              ||     7
Armor: Robe              ||     6
Dodge: Dodged            ||    38
